 Dungeon Crawl Stone Soup version 0.28.0-53-g5a82cb258f (webtiles) character file.

Game seed: 18052092910861248874

56 Sin92 the Magician (level 3, -4/21 (25) HPs)
             Began as a Demonspawn Hedge Wizard on July 13, 2022.
             Killed by an exploding necrophage (25 damage)
             ... ignited by their inner flame
             ... on level 2 of the Dungeon.
             The game lasted 00:06:33 (3172 turns).

Sin92 the Magician (Demonspawn Hedge Wizard)        Turns: 3172, Time: 00:06:34

HP:   -4/21 (25)    AC:  2    Str: 10    XL:     3   Next: 71%
MP:   4/7           EV: 10    Int: 19    God:
Gold: 78            SH:  7    Dex: 14    Spells: 7/8 levels left

rFire   . . .      SeeInvis +   a - +0 dagger
rCold   . . .      Faith    .   j - +0 kite shield "Ekur" {Will+ Int+4 SInv}
rNeg    . . .      Spirit   .   b - +0 robe
rPois   .          Reflect  .   c - +0 hat
rElec   .          Harm     .   (no cloak)
rCorr   .          Rampage  .   (no gloves)
Will    +....                   (no boots)
Stlth   ++........              (no amulet)
HPRegen 0.07/turn               (no ring)
MPRegen 0.10/turn               (no ring)

@: very slightly contaminated, heavily drained
A: antennae 1
a: no special abilities


You were on level 2 of the Dungeon.
You visited 1 branch of the dungeon, and saw 2 of its levels.

You collected 78 gold pieces.

Inventory:

Hand Weapons
 a - a +0 dagger (weapon)
Armour
 b - a +0 robe (worn)
 c - a +0 hat (worn)
 j - the +0 kite shield "Ekur" (worn) {Will+ Int+4 SInv}
   (You found it on level 2 of the Dungeon)

   Int:       It affects your intelligence (+4).
   SInv:      It lets you see invisible.
   Will:      It increases your willpower.
Jewellery
 e - a ring of wizardry
Scrolls
 d - a scroll of identify
 g - a scroll of fog
Potions
 i - a potion of ambrosia


   Skills:
 + Level 0.6 Fighting
 + Level 0.9(1.0) Short Blades
 + Level 0.1(0.5) Long Blades
 + Level 1.0 Armour
 + Level 2.0 Dodging
 + Level 2.1 Stealth
 + Level 0.2 Shields
 + Level 3.2 Spellcasting
 + Level 1.3 Conjurations
 - Level 1.0 Summonings
 + Level 1.2 Translocations


You had 7 spell levels left.
You knew the following spells:

 Your Spells              Type           Power      Damage    Failure   Level
a - Magic Dart            Conj           32%        1d4       30%         1

Your spell library contained the following spells:

 Spells                   Type           Power      Damage    Failure   Level
 Blink                    Tloc           14%        N/A       43%         2
 Slow                     Hex            12%        N/A       47%         1
 Call Imp                 Summ           6%         N/A       47%         2
 Conjure Flame            Conj/Fire      5%         6-21      77%         3
 Mephitic Cloud           Conj/Pois/Air  4%         N/A       78%         3


Dungeon Overview and Level Annotations

Branches:
Dungeon (2/15)

Altars:
Kikubaaqudgha


Innate Abilities, Weirdness & Mutations

You have a pair of small antennae on your head.


Message History

The necrophage hits you.
You feel drained.
As you read the scroll labelled JICIFREY QEOC, it crumbles to dust.
You assume a fearsome visage.
The necrophage is unaffected.
It was a scroll of fear.
The necrophage hits you.
* * * LOW HITPOINT WARNING * * *
You feel drained.
As you read the scroll labelled YREOL WIQOWEA, it crumbles to dust.
The creatures around you are filled with an inner flame!
It was a scroll of immolation.
You block the necrophage's attack.
As you read the scroll labelled ZUANLU GIPAGG, it crumbles to dust.
It is a scroll of identify.
i - a potion of ambrosia The necrophage barely misses you.
It was a potion of cancellation.
You feel magically purged. The necrophage closely misses you.
It was a potion of heal wounds.
You feel much better. You block the necrophage's attack.
Aiming: Magic Dart (safe; 30% risk of failure)
Press: ? - help, Q - select action Shift-Dir - straight line, f - necrophage
Aim: a necrophage (moderately damaged, inner flame, 100% to hit)
You miscast Magic Dart.
You are very lightly contaminated with residual magic.
Nothing appears to happen.
You block the necrophage's attack.
Aiming: Magic Dart (safe; 30% risk of failure)
Press: ? - help, Q - select action Shift-Dir - straight line, f/p - necrophage
Aim: a necrophage (moderately damaged, inner flame, 100% to hit)
The magic dart hits the necrophage.
Flame seeps out of the necrophage.
The necrophage is moderately damaged.
The necrophage is engulfed in blazing flames.
Flame seeps out of the necrophage.
The necrophage hits you.
You feel drained.
Aiming: Magic Dart (safe; 30% risk of failure)
Press: ? - help, Q - select action Shift-Dir - straight line, f/p - necrophage
Aim: a necrophage (flame, almost destroyed, inner flame, 100% to hit)
You miscast Magic Dart.
Nothing appears to happen.
The necrophage is engulfed in blazing flames.
The necrophage explodes!
The fiery explosion engulfs you!!
Ouch! That really hurt!
You die...

###........##.............# #.#
...........##.........#...# #.#
.##........#..............# #.#
####......................# #.#
###........>.#........#...# #.##
.............#........#...# #...
........###..#........#..(####...
#######......#..§§§..............
................@○###############
########.....####§§......#
#.....# ########.# #..†..#####
#...# #..........< .......
#.....###### ######### #....)#
#.....# #.....#


There were no monsters in sight!

Vanquished Creatures
  A necrophage (D:2)
  2 adders (D:2)
  A worm (D:2)
  A dart slug (D:2)
  5 ball pythons
  5 endoplasms
  4 goblins
  3 hobgoblins
  3 kobolds (D:1)
  A quokka (D:1)
  2 bats (D:1)
  2 frilled lizards (D:1)
  2 rats (D:1)
32 creatures vanquished.

Notes
Turn   | Place    | Note
-------+----------+-------------------------------------------
     0 | D:1      | Sin92 the Demonspawn Hedge Wizard began the quest for the
                  | Orb.
     0 | D:1      | Reached XP level 1. HP: 13/13 MP: 4/4
   143 | D:1      | Found a faded altar of an unknown god.
   398 | D:1      | Reached skill level 1 in Translocations
  1091 | D:1      | Gained mutation: You have a pair of small antennae on your
                  | head. [demonic ancestry]
  1091 | D:1      | Reached XP level 2. HP: 8/19 MP: 4/6
  2233 | D:2      | Reached XP level 3. HP: 25/25 MP: 0/7
  2340 | D:2      | Identified the +0 kite shield "Ekur" {Will+ Int+4 SInv}
  2687 | D:2      | Found an ancient bone altar of Kikubaaqudgha.
  2998 | D:2      | Reached skill level 1 in Armour
  3149 | D:2      | Noticed a necrophage
  3172 | D:2      | Killed a necrophage
  3172 | D:2      | Killed by an exploding necrophage... ignited by their inner
                  | flame

Illustrated notes

Levels and vault maps discovered:
D:1:      eino_arrival_water_star, layout_loops_cross,
          dreamdust_ecumenical_altar_grove
D:2:      layout_rooms, basic_altar

Skill      XL: |  1  2  3 |
---------------+----------+-----
Translocations | 1 |  1.2
Stealth        | 2 |  2.1
Dodging        | 2 |  2.0
Armour         | 1 |  1.0
Fighting       | |  0.6
Short Blades   | |  0.9
Long Blades    | |  0.1
Shields        | |  0.2
Spellcasting   | |  3.2
Conjurations   | |  1.3
Summonings     | |  1.0

Action                   || total
-------------------------++-------
Melee: Dagger            ||   105
 Cast: Magic Dart        ||    37
  Use: Scroll            ||     4
       Potion            ||     2
 Stab: Sleeping          ||     2
Armor: Robe              ||    30
Dodge: Dodged            ||    77
Block: Kite shield       ||    15
